 Dungeon Crawl Stone Soup version 0.31-a0-876-gfe8ebadbca (webtiles) character file.

Game seed: 16312230579326263175

91 Pixllover the Digger (level 4, -4/24 HPs)
             Began as a Gargoyle Earth Elementalist on Oct 14, 2023.
             Killed by nerve-wracking pain
             ... invoked by Grinder
              (7 damage)
             ... on level 3 of the Dungeon.
             The game lasted 00:03:39 (1927 turns).

Pixllover the Digger (Gargoyle Earth Elementalist)  Turns: 1927, Time: 00:03:40

Health: -4/24      AC:  5    Str: 11    XL:     4   Next: 57%
Magic:  3/7        EV: 12    Int: 18    God:
Gold:   36         SH:  0    Dex: 10    Spells: 7/8 levels left

rFire   . . .        k - +4 dagger (venom)
rCold   . . .        (no shield)
rNeg    + . .        a - +0 robe
rPois   ∞            (no helmet)
rElec   +            (no cloak)
rCorr   .            (no gloves)
SInv    .            (no boots)
Will    .....        (no amulet)
Stlth   ++           (no ring)
HPRegen 0.24/turn    (no ring)
MPRegen 0.10/turn

%: no passive effects
@: brilliant
A: sickness immunity, AC +3, negative energy resistance 1, electricity
resistance, torment resistance 1, petrification resistance
a: no special abilities


You were on level 3 of the Dungeon.
You visited 1 branch of the dungeon, and saw 3 of its levels.

You collected 36 gold pieces.

Inventory:

Hand Weapons
 k - a +4 dagger of venom (weapon)
Missiles
 e - 8 poisoned darts (quivered)
Armour
 a - a +0 robe (worn)
Jewellery
 c - a ring of protection from cold
Wands
 i - a wand of flame (7)
Scrolls
 j - a scroll of poison {unknown}
 l - a scroll of blinking {unknown}
 m - a scroll of brand weapon {unknown}
Potions
 b - a potion of magic
 f - 2 potions of might


   Skills:
 + Level 1.7 Dodging
 + Level 2.2 Stealth
 + Level 0.1 Unarmed Combat
 + Level 2.6 Spellcasting
 + Level 0.8 Transmutations
 + Level 5.6 Earth Magic


You had 7 spell levels left.
You knew the following spells:

 Your Spells              Type           Power      Damage    Failure   Level
a - Sandblast             Erth           66%        2d15      1%          1

Your spell library contained the following spells:

 Spells                   Type           Power      Damage    Failure   Level
 Passwall                 Tmut/Erth      17%        N/A       7%          2
 Stone Arrow              Conj/Erth      36%        3d9       16%         3
 Petrify                  Tmut/Erth      21%        N/A       41%         4
 Brom's Barrelling Bould  Conj/Erth      18%        2d4       47%         4


Dungeon Overview and Level Annotations

Branches:
Dungeon (3/15)

Altars:

Annotations:
D:3 Grinder


Innate Abilities, Weirdness & Mutations

You are immune to sickness and miasma.
Your stone body is resilient. (AC +3)
You are immune to poison.
You resist negative energy. (rN+)
You are resistant to electric shocks. (rElec)
You are resistant to unholy torment.
You are immune to petrification.


Message History

You barely resist.
Casting: Sandblast (safe; 1% risk of failure)
Confirm with . or Enter, or press ? or * to list all spells.
Aiming: Sandblast (safe; 1% risk of failure)
Press: ? - help, Shift-Dir - straight line, f/p - Grinder
Aim: Grinder (81% to hit)
The blast of sand hits Grinder.
Grinder is lightly wounded.
Grinder gestures at you.
You suddenly lose the ability to move!
Grinder hits you.
You writhe in agony.
* * * LOW HITPOINT WARNING * * *
Grinder hits you.
* * * LOW HITPOINT WARNING * * *
You can move again.
It was a potion of brilliance.
You feel clever all of a sudden. Grinder gestures at you.
You shrug off the repeated paralysis!
Casting: Sandblast (safe; 1% risk of failure)
Confirm with . or Enter, or press ? or * to list all spells.
Aiming: Sandblast (safe; 1% risk of failure)
Press: ? - help, Shift-Dir - straight line, f/p - Grinder
Aim: Grinder (lightly wounded, 82% to hit)
You feel a surge of power!
The blast of sand hits Grinder!
Grinder is heavily wounded.
Grinder gestures at you. Pain shoots through your body!
* * * LOW HITPOINT WARNING * * *
Casting: Sandblast (safe; 1% risk of failure)
Confirm with . or Enter, or press ? or * to list all spells.
Aiming: Sandblast (safe; 1% risk of failure)
Press: ? - help, Shift-Dir - straight line, f/p - Grinder
Aim: Grinder (heavily wounded, 82% to hit)
You feel a surge of power!
The blast of sand hits Grinder!
Grinder is almost dead.
Grinder misses you. Grinder gestures at you. Pain shoots through your body!
You die...
Grinder says, "Now the real fun starts!"

*,*,*,** ##......$## **,*,****
*,,,,,,***#.........#***,,,,,,,,
***,,,,,,,+.........+,,,,,,,,,,,
*,,,,***#.........#***,,,*****
*,*,** *#.......#* ***,****
*,*** *#.....#* *,,,,,,* *,***
*#...#* *,*,**,* *,,,* ##5##
*,*,**,* ***,* #@# *,,,**,* *,*
#.# *,,***,* *,* ##.## *,,* *,*
*,* #####...### *,,***,*
*,####.........###*,,,,,,*
*,.................,,*****
**##.#.###.)##.####***
*.#.###..##.####
*.#..)...##.####


You could see Grinder.

Vanquished Creatures
  Jessica (D:2)
  3 adders
  A worm (D:2)
  A dart slug (D:1)
  A ball python (D:2)
  An endoplasm (D:2)
  3 giant cockroaches
  4 goblins
  5 hobgoblins
  4 kobolds
  2 quokkas (D:2)
  4 bats
  A frilled lizard (D:2)
  A rat (D:2)
32 creatures vanquished.

Notes
Turn   | Place    | Note
-------+----------+-------------------------------------------
     0 | D:1      | Pixllover the Gargoyle Earth Elementalist began the quest
                  | for the Orb.
     0 | D:1      | Reached XP level 1. HP: 10/10 MP: 3/3
   383 | D:1      | Reached skill level 4 in Earth Magic
   383 | D:1      | Reached XP level 2. HP: 15/15 MP: 3/5
  1146 | D:2      | Noticed Jessica
  1152 | D:2      | Killed Jessica
  1153 | D:2      | Reached skill level 5 in Earth Magic
  1153 | D:2      | Reached XP level 3. HP: 18/19 MP: 2/6
  1392 | D:2      | Reached XP level 4. HP: 22/24 MP: 4/7
  1917 | D:3      | Noticed Grinder
  1923 | D:3      | Paralysed by Grinder for 2 turns
  1927 | D:3      | Killed from afar by Grinder

Illustrated notes

Levels and vault maps discovered:
D:1:      psy_arrival_radial01, layout_basic
D:2:      layout_basic, minivault_27, uniq_jessica
D:3:      layout_loops_corners, lemuel_doored_altar,
          nicolae_overflow_hallway_of_the_gods, uniq_sigmund, uniq_grinder

Skill      XL: |  1  2 |
---------------+-------+-----
Earth Magic    | 4 5 |  5.6
Dodging        | |  1.7
Stealth        | |  2.2
Unarmed Combat | |  0.1
Spellcasting   | |  2.6
Transmutations | |  0.8

Action                     |  1- 3 |  4- 6 || total
---------------------------+-------+-------++-------
  Melee: Unarmed           |     2 |       ||     2
   Cast: Sandblast         |    35 |    15 ||    50
    Use: Scroll            |       |     3 ||     3
         Potion            |       |     1 ||     1
 Armour: Robe              |     3 |     4 ||     7
  Dodge: Dodged            |    13 |     5 ||    18

Table legend: (Time is in decaauts)
 A = Elapsed time spent in this place.
 B = Non-inter-level travel time spent in this place.
 C = Inter-level travel time spent in this place.
 D = Time resting spent in this place.
 E = Time spent auto-exploring this place.
 F = Levels seen in this place.
 G = Mean time per level.
                   A        B        C        D        E       F      G
               +--------+--------+--------+--------+--------+-----+--------+
         Total |   1950 |   1903 |     47 |    106 |   1470 |   3 |  650.0 |
       Dungeon |   1950 |   1903 |     47 |    106 |   1470 |   3 |  650.0 |
               +--------+--------+--------+--------+--------+-----+--------+

Top non-repeatable levels by time:
     D:1: 1026 daAuts
     D:2: 865 daAuts
     D:3: 58 daAuts
